[Event "Titled Tuesday Blitz February 15 Early 2022"]
[White "Aaditya Dhingra"]
[Black "Safarli, Eltaj"]
[WhiteFideId "25678191"]
[BlackFideId "13402129"]
[WhiteElo "1789"]
[BlackElo "2634"]
[Result "0-1"]
[Round "01"]
[TimeControl "180+1"]
[Date "2022.02.15"]
[WhiteClock "0:00:03"]
[BlackClock "0:00:50"]

1. e4 e5 2. Nf3 Nc6 3. Bb5 a6 4. Ba4 d6 5. O-O Bd7 6. c3 g6 7. d4 Bg7 8. Bg5 f6 9. Be3 Nh6 10. h3 Nf7 11. Nbd2 f5 12. dxe5 dxe5 13. Bc5 Qf6 14. Re1 O-O-O 15. Qe2 h5 16. Nc4 f4 17. Rad1 g5 18. Nfd2 g4 19. Nb3 gxh3 20. g3 h2+ 21. Kh1 fxg3 22. Rxd7 Rxd7 23. fxg3 Ng5 24. Rf1 Qe6 25. Nca5 Nxa5 26. Nxa5 Rhd8 27. Bb3 Qg4 28. Qxg4 hxg4 29. Be3 Nxe4 0-1


[Site "https://www.chess.com"]

[Event "Titled Tuesday Blitz February 15 Early 2022"]
[White "Abdrlauf, Elham"]
[Black "Guseva, Marina"]
[WhiteFideId "1533533"]
[BlackFideId "4149351"]
[WhiteElo "2334"]
[BlackElo "2232"]
[Result "1-0"]
[Round "01"]
[TimeControl "180+1"]
[Date "2022.02.15"]
[WhiteClock "0:00:27"]
[BlackClock "0:00:05"]

1. e4 c5 2. Nf3 d6 3. d4 cxd4 4. Nxd4 Nf6 5. Nc3 a6 6. Bc4 e6 7. Bb3 b5 8. f4 Bb7 9. e5 dxe5 10. fxe5 Nfd7 11. Qh5 g6 12. Qh3 Nxe5 13. Be3 Qe7 14. O-O-O Bg7 15. Bxe6 O-O 16. Nd5 Qd8 17. Bh6 Nbc6 18. Nf5 gxf5 19. Nf4 1-0


[Site "https://www.chess.com"]

[Event "Titled Tuesday Blitz February 15 Early 2022"]
[White "Abramov, Alexander"]
[Black "Oganisian, Roman"]
[WhiteFideId "4174089"]
[BlackFideId "4153006"]
[WhiteElo "2042"]
[BlackElo "2204"]
[Result "1-0"]
[Round "01"]
[TimeControl "180+1"]
[Date "2022.02.15"]
[WhiteClock "0:00:05"]
[BlackClock "0:00:07"]

1. e4 e6 2. d4 d5 3. exd5 exd5 4. c4 Nc6 5. Nf3 Nf6 6. Bd3 Bd6 7. O-O O-O 8. Nc3 Bg4 9. c5 Bxf3 10. gxf3 Be7 11. Be3 Qd7 12. Kh1 Nh5 13. Rg1 f5 14. f4 Nf6 15. Qe2 Rae8 16. Rg2 Ng4 17. Nxd5 Bh4 18. Bc4 Kh8 19. Qf3 Na5 20. b3 Nxc4 21. bxc4 c6 22. Nc3 Qe6 23. Rag1 g6 24. d5 Qf6 25. Bc1 Qd4 26. Bb2 Nxf2+ 27. Rxf2 Qxf2 28. Nd1+ Qxb2 29. Nxb2 Bf6 30. Nd3 Bd4 31. Rd1 Re3 32. Qf1 Rfe8 33. Ne5 Bxc5 34. d6 Re4 35. d7 Rd8 36. Nf7+ Kg7 37. Nxd8 Be7 38. Re1 Bf6 39. Rxe4 fxe4 40. Ne6+ Kf7 41. d8=Q 1-0


[Site "https://www.chess.com"]

[Event "Titled Tuesday Blitz February 15 Early 2022"]
[White "Alinasab, Mobina"]
[Black "Cramling Bellon, Anna"]
[WhiteFideId "12528897"]
[BlackFideId "32009232"]
[WhiteElo "2061"]
[BlackElo "1905"]
[Result "1-0"]
[Round "01"]
[TimeControl "180+1"]
[Date "2022.02.15"]
[WhiteClock "0:00:12"]
[BlackClock "0:00:03"]

1. Nf3 c5 2. g3 d5 3. Bg2 Nc6 4. d4 cxd4 5. Nxd4 Nf6 6. O-O e5 7. Nxc6 bxc6 8. b3 Bd6 9. c4 Be6 10. Nc3 e4 11. Bg5 Be5 12. Rc1 O-O 13. cxd5 cxd5 14. Na4 h6 15. Bd2 Rc8 16. Nc5 Qb6 17. Nxe6 fxe6 18. Be3 d4 19. Rxc8 Rxc8 20. Bc1 e3 21. fxe3 dxe3 22. Qd3 Rd8 23. Qc4 Rd4 24. Bxe3 Ng4 25. Qc8+ Rd8 26. Bxb6 Rxc8 27. Bxa7 Rc2 28. Bf3 Nf6 29. a4 Rc7 30. Bb6 Rc3 31. b4 Rc4 32. Rb1 Nd5 33. Bxd5 exd5 34. a5 d4 35. a6 Bf6 36. a7 Rc8 37. Bc7 Ra8 38. Bb8 Bg5 39. b5 Be3+ 40. Kg2 d3 41. b6 d2 42. b7 Rxa7 43. Bxa7 Bxa7 44. b8=Q+ Bxb8 45. Rxb8+ Kh7 46. Rd8 1-0


[Site "https://www.chess.com"]

[Event "Titled Tuesday Blitz February 15 Early 2022"]
[White "Allahverdiyeva, Ayan"]
[Black "Krysa, Leandro"]
[WhiteFideId "13412590"]
[BlackFideId "116807"]
[WhiteElo "1910"]
[BlackElo "2490"]
[Result "0-1"]
[Round "01"]
[TimeControl "180+1"]
[Date "2022.02.15"]
[WhiteClock "0:00:01"]
[BlackClock "0:00:20"]

1. e4 c5 2. Nf3 e6 3. d4 cxd4 4. Nxd4 a6 5. Nc3 b5 6. Bd3 Bb7 7. O-O Nc6 8. Nb3 Nf6 9. f4 d6 10. Kh1 Be7 11. a3 O-O 12. Qf3 b4 13. axb4 Nxb4 14. Na5 Nxd3 15. Qxd3 Qb8 16. Ra4 d5 17. Nxb7 dxe4 18. Nxe4 Qxb7 19. Nxf6+ Bxf6 20. f5 Rfd8 21. Qg3 exf5 22. Bg5 Qxb2 23. Raf4 Rd5 24. h3 g6 25. Rxf5 Rxf5 26. Rxf5 Bxg5 27. Rxg5 Qxc2 28. Ra5 Qc6 29. Qa3 h5 30. Qd3 h4 31. Qd4 Qc1+ 32. Kh2 Qc7+ 33. Qe5 Qxe5+ 34. Rxe5 a5 35. Re3 a4 36. Ra3 Kg7 37. Kg1 Kf6 38. Kf2 Ke5 39. Ke3 Kd5 40. Kd3 Kc5 41. Kc3 Kb5 42. Ra2 a3 43. Kb3 Re8 44. Rd2 Re3+ 45. Ka2 Rg3 46. Re2 f5 47. Rf2 Kc5 48. Re2 Kd4 49. Rc2 Ke3 50. Rc4 Rxg2+ 51. Kxa3 f4 0-1


[Site "https://www.chess.com"]

[Event "Titled Tuesday Blitz February 15 Early 2022"]
[White "Al-Tarboush, Ward"]
[Black "Sarana, Alexey"]
[WhiteFideId "7601450"]
[BlackFideId "24133795"]
[WhiteElo "2276"]
[BlackElo "2665"]
[Result "0-1"]
[Round "01"]
[TimeControl "180+1"]
[Date "2022.02.15"]
[WhiteClock "0:00:08"]
[BlackClock "0:01:31"]

1. e4 c5 2. Nf3 d6 3. d4 cxd4 4. Nxd4 Nf6 5. Nc3 a6 6. h3 e5 7. Nde2 b5 8. g4 b4 9. Nd5 Nxd5 10. Qxd5 Ra7 11. Be3 Be6 12. Qd3 Rd7 13. Bg2 Be7 14. O-O Qc7 15. b3 O-O 16. Ng3 Rc8 17. Rac1 g6 18. Rfd1 Qa5 19. Nf5 Bf8 20. Qd2 Qxa2 21. Qxb4 d5 22. Qb6 d4 23. Bd2 Bc5 24. Qa5 Qxa5 25. Bxa5 f6 26. Ng3 Nc6 27. Be1 Bb4 28. Bf1 Bxe1 29. Rxe1 Nb4 30. Bd3 Rdc7 31. Ra1 Nxc2 32. Bxc2 Rxc2 33. Rxa6 Kf7 34. Nf1 Bxb3 35. Rb1 R2c3 36. Ra3 Be6 37. Ra6 R8c7 38. Rbb6 Bc4 39. Ra1 Rxh3 40. Ng3 Be6 41. Raa6 Bxg4 42. Rxf6+ Kg7 43. Rfd6 Rh4 44. Kg2 Bh3+ 45. Kf3 Rf7+ 46. Ke2 Bg4+ 47. Ke1 Rh2 48. Ra2 Rg2 49. Rd5 Rg1+ 50. Nf1 Bh3 0-1


[Site "https://www.chess.com"]

[Event "Titled Tuesday Blitz February 15 Early 2022"]
[White "Ambartsumova, Karina"]
[Black "Soumya, Swaminathan"]
[WhiteFideId "4166299"]
[BlackFideId "5016193"]
[WhiteElo "2262"]
[BlackElo "2115"]
[Result "1-0"]
[Round "01"]
[TimeControl "180+1"]
[Date "2022.02.15"]
[WhiteClock "0:00:06"]
[BlackClock "0:00:03"]

1. c4 Nf6 2. Nf3 g6 3. g3 Bg7 4. Bg2 O-O 5. O-O d5 6. d4 dxc4 7. Na3 c3 8. bxc3 c5 9. Nc4 Nc6 10. Bf4 Nd5 11. Bd2 cxd4 12. cxd4 Nxd4 13. Nxd4 Bxd4 14. Bh6 Bxa1 15. Bxf8 Bf6 16. Bxe7 Qxe7 17. Bxd5 Bg4 18. Ne3 Bh3 19. Bg2 Bxg2 20. Kxg2 Qe4+ 21. Kg1 Rd8 22. Qb3 h5 23. Rc1 Rd7 24. h4 Bd4 25. Rc8+ Kh7 26. Qb4 Re7 27. Nc2 1-0


[Site "https://www.chess.com"]

[Event "Titled Tuesday Blitz February 15 Early 2022"]
[White "Andreikin, Dmitry"]
[Black "Maltsevskaya, Aleksandra"]
[WhiteFideId "4158814"]
[BlackFideId "24174041"]
[WhiteElo "2736"]
[BlackElo "2283"]
[Result "1/2-1/2"]
[Round "01"]
[TimeControl "180+1"]
[Date "2022.02.15"]
[WhiteClock "0:01:37"]
[BlackClock "0:00:10"]

1. d4 Nf6 2. c4 g6 3. Nc3 Bg7 4. e4 d6 5. h3 O-O 6. Be3 Na6 7. Nf3 c5 8. d5 e6 9. Bd3 exd5 10. exd5 Nb4 11. Bb1 b5 12. a3 Qa5 13. O-O bxc4 14. Nd2 Nbxd5 15. Nxc4 Nxc3 16. Nxa5 Nxd1 17. Rxd1 Rb8 18. Ba2 Rxb2 19. Nc4 Ne4 20. Nxb2 Bxb2 21. Rab1 Nc3 22. Rxd6 Nxb1 23. Bxb1 Bxa3 24. Ba2 a5 25. Rc6 Re8 26. Bxc5 Bd7 27. Rc7 Bxc5 28. Rxd7 Re7 29. Rxe7 Bxe7 30. g3 Kg7 31. Bb3 f5 32. f4 Kf6 33. Kg2 Bc5 34. Kf3 h6 35. g4 g5 36. fxg5+ hxg5 37. gxf5 Kxf5 38. Kg2 Be3 39. Kf3 Bf4 40. Bc2+ Ke5 41. Kg4 Kd4 42. h4 gxh4 43. Kxh4 a4 44. Bxa4 1/2-1/2


[Site "https://www.chess.com"]

[Event "Titled Tuesday Blitz February 15 Early 2022"]
[White "Ankerst, Mihael"]
[Black "Arias, Juan Cruz"]
[WhiteFideId "14602369"]
[BlackFideId "118540"]
[WhiteElo "2254"]
[BlackElo "2083"]
[Result "1-0"]
[Round "01"]
[TimeControl "180+1"]
[Date "2022.02.15"]
[WhiteClock "0:00:21"]
[BlackClock "0:00:14"]

1. e4 e6 2. d4 d5 3. Nc3 Nf6 4. e5 Nfd7 5. f4 c5 6. Nf3 Nc6 7. Be3 cxd4 8. Nxd4 Bc5 9. Qd2 O-O 10. Be2 a6 11. O-O Nxd4 12. Bxd4 b5 13. Bxc5 Nxc5 14. Qd4 Qc7 15. Bd3 Nd7 16. Ne2 Qb6 17. Qxb6 Nxb6 18. Nd4 Bd7 19. Kf2 Rfc8 20. Ke2 Na4 21. Rab1 Kf8 22. h4 Ke7 23. h5 b4 24. Rh1 h6 25. Rh3 a5 26. Rg3 Kf8 27. Rf3 Ke7 28. Rg3 Kf8 29. Rf3 Ke7 30. g4 Nc5 31. Rbf1 Ne4 32. f5 Ng5 33. Rf4 a4 34. f6+ Kf8 35. Nf3 Ne4 36. Bxe4 dxe4 37. Nd4 Be8 38. Rxe4 b3 39. cxb3 axb3 40. a3 Kg8 41. Ke3 Rc5 42. Rd1 Rd5 43. Rd3 gxf6 44. exf6 Ba4 45. Rc3 Kh7 46. Nf3 Bd7 47. Nd4 Be8 48. Nxb3 Rd1 49. Nd4 Rf1 50. Rf4 Re1+ 51. Kd2 Re5 52. Nf3 Rd5+ 53. Rd4 Rb5 54. Rb4 Rba5 55. Rb6 e5 56. Rc7 Kg8 57. Ke3 Rd5 58. Rbb7 Ba4 59. Rxf7 Bc2 60. Rg7+ Kh8 61. Ne1 Bb1 62. Rg6 Bxg6 63. hxg6 Rd6 64. Rh7+ Kg8 65. f7+ Kf8 66. Rh8+ 1-0


[Site "https://www.chess.com"]

[Event "Titled Tuesday Blitz February 15 Early 2022"]
[White "Arabidze, Meri"]
[Black "Vifleemskaia, Svetlana"]
[WhiteFideId "13604040"]
[BlackFideId "4129490"]
[WhiteElo "2329"]
[BlackElo "1901"]
[Result "1/2-1/2"]
[Round "01"]
[TimeControl "180+1"]
[Date "2022.02.15"]
[WhiteClock "0:00:16"]
[BlackClock "0:00:03"]

1. Nf3 Nf6 2. g3 b5 3. Bg2 Bb7 4. O-O e6 5. c3 Be7 6. a4 b4 7. cxb4 Bxb4 8. Qb3 a5 9. Nc3 O-O 10. d4 Na6 11. Bf4 d6 12. Rfd1 Rb8 13. Rac1 Qe7 14. Nb5 Bd5 15. Qc2 Be4 16. Qb3 Bd5 17. Qe3 Rfc8 18. Na7 Rd8 19. Nc6 Bxc6 20. Rxc6 Nd5 21. Qc1 Nxf4 22. Qxf4 Rb6 23. Rdc1 Rdb8 24. h4 h6 25. h5 Rxc6 26. Rxc6 Rb6 27. Rc2 c5 28. e3 Qd7 29. b3 Nc7 30. g4 Nd5 31. Qg3 Nf6 32. g5 Ne4 33. Qg4 Nxg5 34. Nxg5 hxg5 35. Qxg5 f6 36. Qg4 Kf8 37. Qg6 Qf7 38. Qh7 Ke7 39. Bh3 f5 40. d5 exd5 41. Bxf5 Qf6 42. Bg6 Rb8 43. h6 Qg5+ 44. Kf1 Qxh6 45. Ke2 Qxh7 46. Bxh7 Kf6 47. Bd3 Ke5 48. Rc1 Rc8 49. Rg1 c4 50. bxc4 dxc4 51. Bc2 Kf6 52. Rg6+ Kf7 53. Rg4 c3 54. Rf4+ Ke7 55. Kd3 Rf8 56. Rxf8 Kxf8 57. f4 Ke7 58. e4 Ke6 59. Kc4 Ke7 60. Kd5 Kf6 61. Bd3 Ke7 62. Bc2 Kf6 63. Bb3 Ke7 64. Kc6 Kf6 65. Kd7 Bc5 66. Kc6 Bb4 67. Kd5 Ke7 68. e5 dxe5 69. fxe5 Kd7 70. Ke4 Ke7 71. e6 Kf6 72. Kd5 Be7 73. Ke4 Bb4 74. Kd5 Be7 75. Kc4 Bb4 76. Kd3 Ke7 77. Ke4 Kd6 78. Kd4 Ke7 79. Ke4 1/2-1/2


[Site "https://www.chess.com"]

[Event "Titled Tuesday Blitz February 15 Early 2022"]
[White "Araujo Sanchez, Josue"]
[Black "Stanisz, Patryk"]
[WhiteFideId "6416896"]
[BlackFideId "1123106"]
[WhiteElo "2357"]
[BlackElo "1876"]
[Result "0-1"]
[Round "01"]
[TimeControl "180+1"]
[Date "2022.02.15"]
[WhiteClock "0:00:07"]
[BlackClock "0:00:10"]

1. e4 c5 2. Nf3 Nc6 3. c3 Nf6 4. e5 Nd5 5. d4 cxd4 6. cxd4 d6 7. exd6 Qxd6 8. Nc3 Nxc3 9. bxc3 Bg4 10. Be2 e6 11. Rb1 Rb8 12. Qa4 Bf5 13. Rb5 Be7 14. Ne5 O-O 15. Bf4 a6 16. Rb3 Bc2 17. O-O Ra8 18. Bg3 Nxe5 19. Bxe5 Bxb3 20. Qxb3 Qa3 21. Qxb7 Bd6 22. Bxd6 Qxd6 23. Bf3 Rab8 24. Qe4 Rfc8 25. Rc1 Qa3 26. Qe1 Qxa2 27. h4 Rc7 28. h5 h6 29. Be2 a5 30. Bd3 Qd5 31. Qe2 Rbc8 32. Be4 Qg5 33. Qb2 Qxh5 34. c4 Qg4 35. f3 Qf4 36. Kf2 f5 37. Bd3 Rd8 38. d5 exd5 39. c5 d4 40. Qb3+ Kh7 41. Re1 Qh4+ 42. Kf1 Rxc5 43. Qe6 Rdd5 44. Qf7 Qf6 45. Qh5 Qg6 46. Qh4 Qg5 47. Qh2 Rc1 48. f4 Rxe1+ 49. Kxe1 Qg4 50. Kf2 Rd6 51. g3 g5 52. fxg5 Qxg5 53. Kf1 Qe3 54. Qc2 Qf3+ 55. Ke1 Qxg3+ 56. Kd1 Qg1+ 57. Kd2 Qf2+ 58. Kd1 Qxc2+ 59. Kxc2 Rc6+ 0-1


[Site "https://www.chess.com"]

[Event "Titled Tuesday Blitz February 15 Early 2022"]
[White "Ardila, Oscar Humberto"]
[Black "Noroozi, Omid"]
[WhiteFideId "4404742"]
[BlackFideId "12501190"]
[WhiteElo "1898"]
[BlackElo "2236"]
[Result "0-1"]
[Round "01"]
[TimeControl "180+1"]
[Date "2022.02.15"]
[WhiteClock "0:00:10"]
[BlackClock "0:02:16"]

1. d4 d5 2. c4 e6 3. cxd5 exd5 4. Nc3 c6 5. Nf3 Bf5 6. Bf4 Bd6 7. Bxd6 Qxd6 8. e3 Ne7 9. Be2 O-O 10. O-O Nd7 11. a3 a5 12. Na4 b5 13. Nc5 Nxc5 14. dxc5 Qxc5 15. Rc1 Qd6 16. Nd4 Bd7 17. Qc2 Rfc8 18. Qc5 Qxc5 19. Rxc5 Nf5 20. Nxf5 Bxf5 21. Rfc1 Bd7 22. f3 Kf8 23. Bd3 Ke7 24. e4 dxe4 25. Bxe4 g6 26. Kf2 Kd6 27. f4 Rc7 28. Bf3 Re8 29. h3 Re6 30. g4 Ke7 31. R1c2 Rc8 32. Rc1 Rd6 33. Re1+ Kf8 34. Re2 Be6 35. Rec2 Bc4 36. a4 Rcd8 37. axb5 cxb5 38. Ke1 Rd3 39. Bc6 Rxh3 40. Bxb5 Rh1+ 41. Kf2 Rh2+ 42. Kg3 Rxc2 0-1


[Site "https://www.chess.com"]

[Event "Titled Tuesday Blitz February 15 Early 2022"]
[White "Arngrimsson, Dagur"]
[Black "Tsydypov, Zhamsaran"]
[WhiteFideId "2301288"]
[BlackFideId "4108566"]
[WhiteElo "2286"]
[BlackElo "2614"]
[Result "0-1"]
[Round "01"]
[TimeControl "180+1"]
[Date "2022.02.15"]
[WhiteClock "0:00:40"]
[BlackClock "0:01:14"]

1. d4 Nf6 2. c4 c5 3. d5 b5 4. cxb5 a6 5. b6 d6 6. Nc3 Nbd7 7. a4 Qxb6 8. Nf3 g6 9. Nd2 Bg7 10. Nc4 Qb4 11. e4 Nxe4 12. Bd2 Nxd2 13. Qxd2 O-O 14. a5 Rb8 15. Be2 Ne5 16. Nb6 Qd4 17. Qxd4 cxd4 18. Nca4 d3 19. Bd1 Bf5 20. O-O h5 21. Re1 Bh6 22. g3 Bd2 23. Rxe5 dxe5 24. Nc4 Bg5 25. Nxe5 Bf6 26. Nc6 Rb5 27. Rc1 Rxd5 28. Bf3 d2 29. Rd1 Bc2 30. Nc3 Bxd1 31. Bxd1 Rc5 32. Nb4 Bxc3 33. bxc3 Rxc3 34. Kf1 Rc5 35. Ke2 Re5+ 36. Kxd2 Rd8+ 37. Nd3 Rxa5 38. Be2 e5 39. Ke3 Ra3 40. Ke4 f5+ 0-1


[Site "https://www.chess.com"]

[Event "Titled Tuesday Blitz February 15 Early 2022"]
[White "Baches Garcia, Guillermo"]
[Black "Narayanan.S.L"]
[WhiteFideId "2209764"]
[BlackFideId "5058422"]
[WhiteElo "2466"]
[BlackElo "2494"]
[Result "0-1"]
[Round "01"]
[TimeControl "180+1"]
[Date "2022.02.15"]
[WhiteClock "0:00:07"]
[BlackClock "0:01:58"]

1. e4 e6 2. d4 d5 3. exd5 exd5 4. Nf3 Nf6 5. Bd3 Bd6 6. O-O O-O 7. Bg5 Bg4 8. Nbd2 Nbd7 9. c3 Bh5 10. Re1 Bg6 11. Bxg6 hxg6 12. Ne5 c6 13. Qf3 Qc7 14. Nxd7 Nxd7 15. g3 Rfe8 16. Kg2 b5 17. h4 f6 18. Be3 Nf8 19. h5 gxh5 20. Qxh5 Qf7 21. Qh3 Ng6 22. Rh1 Qe6 23. Qh5 Kf7 24. Rae1 Rh8 25. Qf3 Rxh1 26. Rxh1 a5 27. a3 a4 28. Rh5 Rh8 29. Nf1 Rxh5 30. Qxh5 Qe4+ 31. Qf3 Ne7 32. Qxe4 dxe4 33. g4 g6 34. Nd2 f5 35. gxf5 gxf5 36. Bg5 Nd5 37. Nf1 Nxc3 38. bxc3 Bxa3 39. Ne3 Bb2 40. Nxf5 a3 0-1


[Site "https://www.chess.com"]

[Event "Titled Tuesday Blitz February 15 Early 2022"]
[White "Begunov, Konstantin"]
[Black "Garriga Cazorla, Pere"]
[WhiteFideId "4118510"]
[BlackFideId "32011601"]
[WhiteElo "2262"]
[BlackElo "2458"]
[Result "0-1"]
[Round "01"]
[TimeControl "180+1"]
[Date "2022.02.15"]
[WhiteClock "0:00:02"]
[BlackClock "0:00:21"]

1. d4 Nf6 2. c4 e6 3. Nf3 c5 4. Nc3 cxd4 5. Nxd4 a6 6. g3 h5 7. h4 Nc6 8. Bg2 Qb6 9. Nc2 Ne5 10. Ne3 Qc7 11. Qb3 Rb8 12. O-O b6 13. Rd1 Bb7 14. Qa4 Be7 15. b3 b5 16. cxb5 Bxg2 17. Kxg2 Qxc3 18. Bd2 Qc7 19. bxa6 O-O 20. Rdc1 Qa7 21. b4 Nc6 22. b5 Nd4 23. Kf1 Nxb5 24. Rab1 Na3 25. Rxb8 Rxb8 26. Rc3 Nb1 27. Rd3 Nxd2+ 28. Rxd2 Rb6 29. Rc2 Qa8 30. f3 Rxa6 31. Qf4 Rxa2 32. Rc7 Bd8 33. Rc5 Bb6 34. Rb5 Bxe3 35. Qxe3 Qc6 36. Qd3 Ra1+ 37. Kg2 Ra8 38. Rb4 e5 39. Qf5 Qe6 40. Qd3 d5 41. Rb7 e4 42. Qd4 exf3+ 43. exf3 Ra2+ 44. Rb2 Rxb2+ 45. Qxb2 Qd7 46. Qb8+ Kh7 47. g4 hxg4 48. h5 gxf3+ 0-1


[Site "https://www.chess.com"]

[Event "Titled Tuesday Blitz February 15 Early 2022"]
[White "Bethke, Richard"]
[Black "Vitiugov, Nikita"]
[WhiteFideId "12959243"]
[BlackFideId "4152956"]
[WhiteElo "2444"]
[BlackElo "2673"]
[Result "0-1"]
[Round "01"]
[TimeControl "180+1"]
[Date "2022.02.15"]
[WhiteClock "0:00:15"]
[BlackClock "0:01:13"]

1. e4 c5 2. Nf3 Nc6 3. d4 cxd4 4. Nxd4 e5 5. Nb5 d6 6. N1c3 a6 7. Na3 Be6 8. Nd5 Nf6 9. Bg5 Be7 10. Bxf6 Bxf6 11. Nc4 O-O 12. Ncb6 Rb8 13. c3 g6 14. g3 Bg7 15. Bg2 f5 16. exf5 gxf5 17. O-O Kh8 18. Qh5 Bf7 19. Qe2 Qe8 20. Rfe1 Bh5 21. Qc4 e4 22. Nf4 Ne5 23. Qc7 Nf3+ 24. Bxf3 Bxf3 25. Qxd6 Be5 26. Qd2 Rd8 27. Qe3 Qc6 28. Nbd5 Rxd5 29. Nxd5 Qxd5 30. Qh6 Rg8 31. c4 Qc5 32. Rac1 f4 33. Kf1 fxg3 34. hxg3 Bxb2 35. Rc2 Bd4 36. Qf4 Qh5 37. Qh4 Qxh4 38. gxh4 Be5 0-1


[Site "https://www.chess.com"]

[Event "Titled Tuesday Blitz February 15 Early 2022"]
[White "Bettalli, Francesco"]
[Black "Visakh N R"]
[WhiteFideId "2816453"]
[BlackFideId "25012223"]
[WhiteElo "2216"]
[BlackElo "2454"]
[Result "1-0"]
[Round "01"]
[TimeControl "180+1"]
[Date "2022.02.15"]
[WhiteClock "0:00:08"]
[BlackClock "0:00:02"]

1. d4 Nf6 2. Nc3 d5 3. Bf4 e6 4. Nb5 Na6 5. e3 c6 6. Nc3 Bd6 7. Bxa6 bxa6 8. Nge2 Rb8 9. Rb1 a5 10. O-O Ba6 11. Re1 O-O 12. Bxd6 Qxd6 13. Nf4 c5 14. Nd3 Bxd3 15. Qxd3 Rfc8 16. Ne2 Rb6 17. c3 Rcb8 18. b3 Qc7 19. f3 h5 20. Qc2 e5 21. Rec1 Re8 22. Kf2 exd4 23. cxd4 Qxh2 24. dxc5 Qh4+ 25. Kg1 Rbe6 26. c6 Rxe3 27. c7 Rxe2 28. Qxe2 Rxe2 29. c8=Q+ Kh7 30. Qf5+ g6 31. Qh3 Qd4+ 32. Kh1 Qe5 33. Qh2 Qf5 34. Re1 Rxa2 35. Rbc1 Rc2 36. Rxc2 Qxc2 37. Re7 Kg7 38. Qc7 Qxc7 39. Rxc7 d4 40. Kg1 Nd5 41. Rxa7 d3 42. Kf2 Nc3 43. Ke3 Nb5 44. Rxa5 d2 45. Kxd2 Nd4 46. b4 Kf6 47. Kd3 Ne6 48. Ra6 Ke5 49. Ra7 1-0


[Site "https://www.chess.com"]

[Event "Titled Tuesday Blitz February 15 Early 2022"]
[White "Bhagwat, Vinod"]
[Black "Levitskiy, Andrey"]
[WhiteFideId "5005949"]
[BlackFideId "14132885"]
[WhiteElo "2115"]
[BlackElo "2301"]
[Result "0-1"]
[Round "01"]
[TimeControl "180+1"]
[Date "2022.02.15"]
[WhiteClock "0:01:18"]
[BlackClock "0:01:43"]

1. d4 Nf6 2. c4 e6 3. Nc3 Bb4 4. Qc2 Nc6 5. Nf3 d6 6. Bg5 h6 7. Bd2 Qe7 8. e3 e5 9. a3 Bxc3 10. Bxc3 a5 11. Be2 O-O 12. O-O Bg4 13. Rfe1 Rfe8 14. d5 Nb8 15. e4 Nbd7 16. b4 Nh5 17. Nd2 Bxe2 18. Rxe2 Nf4 19. Re3 Qg5 20. g3 Nf6 21. Kh1 Nh3 22. Nf3 Qh5 0-1


[Site "https://www.chess.com"]

[Event "Titled Tuesday Blitz February 15 Early 2022"]
[White "Bilan, Danila"]
[Black "Kollars, Dmitrij"]
[WhiteFideId "24161918"]
[BlackFideId "12909572"]
[WhiteElo "2164"]
[BlackElo "2584"]
[Result "0-1"]
[Round "01"]
[TimeControl "180+1"]
[Date "2022.02.15"]
[WhiteClock "0:00:09"]
[BlackClock "0:00:25"]

1. d4 Nf6 2. Nf3 e6 3. c4 d5 4. Nc3 Bb4 5. Qc2 O-O 6. cxd5 Qxd5 7. Bd2 Bxc3 8. Bxc3 b6 9. g3 Bb7 10. Bg2 Qf5 11. Qxf5 exf5 12. O-O Nbd7 13. Rac1 Be4 14. Bb4 Rfc8 15. Nd2 Bxg2 16. Kxg2 Nd5 17. Ba3 f6 18. Rc2 Kf7 19. Rfc1 a5 20. e3 h5 21. Nb1 Ra7 22. Nc3 Nxc3 23. Rxc3 Rb7 24. Rc6 Nb8 25. R6c2 Ke6 26. b3 c6 27. Bb2 Kd5 28. f3 Re8 29. Kf2 Rbe7 30. Re2 Na6 31. Rce1 Nb4 32. e4+ Kd6 33. Ba3 fxe4 34. Bxb4+ axb4 35. fxe4 c5 36. dxc5+ bxc5 37. Kf3 Kc6 38. Rc1 Kb5 39. Rc4 Rd8 40. Rec2 Re5 41. Kf4 Rd3 42. h4 Rd1 43. Kf3 Rf1+ 44. Kg2 Rd1 45. Kf3 g5 46. hxg5 fxg5 47. Kg2 Rd3 48. Kf2 g4 49. Kg2 Re3 50. Kf2 R3xe4 51. Rxe4 Rxe4 52. Rd2 Re5 53. Rd8 Rf5+ 54. Ke2 Rf3 55. Rd5 Rxg3 56. Rxh5 Rg2+ 57. Kd3 Rxa2 58. Rg5 Rb2 59. Rxg4 Rxb3+ 60. Kc2 Rh3 61. Rg8 b3+ 62. Kb2 Kb4 63. Rb8+ Kc4 64. Rg8 Rh2+ 65. Kb1 Kc3 66. Rg3+ Kb4 67. Rg4+ c4 68. Rg8 Rh1+ 0-1


[Site "https://www.chess.com"]

[Event "Titled Tuesday Blitz February 15 Early 2022"]
[White "Boraso, Alessio"]
[Black "Lugovskoy, Maxim"]
[WhiteFideId "848077"]
[BlackFideId "24126454"]
[WhiteElo "2277"]
[BlackElo "2444"]
[Result "0-1"]
[Round "01"]
[TimeControl "180+1"]
[Date "2022.02.15"]
[WhiteClock "0:00:02"]
[BlackClock "0:00:23"]

1. e4 e6 2. d4 d5 3. Bd3 Nc6 4. c3 dxe4 5. Bxe4 Nf6 6. Bc2 e5 7. Nf3 Bg4 8. O-O Bd6 9. Nbd2 O-O 10. h3 Bh5 11. g4 Bg6 12. dxe5 Nxe5 13. Nxe5 Bxe5 14. Bxg6 hxg6 15. Nf3 Bd6 16. Bg5 Qd7 17. Qd4 Qc6 18. Ne5 Bxe5 19. Qxe5 Rad8 20. Rad1 Rfe8 21. Rxd8 Rxd8 22. Bxf6 gxf6 23. Qe2 Kg7 24. Rd1 Rh8 25. Rd3 Re8 26. Re3 Rd8 27. Rd3 Qa6 28. Rd2 Rxd2 29. Qxd2 Qxa2 30. Qd4 Qxb2 31. Kg2 Qb6 32. Qd8 Qd6 33. Qb8 Qc6+ 34. Kg3 Qxc3+ 35. f3 Qc6 36. Kg2 a5 37. h4 a4 38. h5 a3 39. h6+ Kxh6 40. Qh8+ Kg5 41. Kg3 Qd6+ 42. Kh3 Kf4 43. Qh6+ g5 44. Qg7 Kxf3 0-1


[Site "https://www.chess.com"]

[Event "Titled Tuesday Blitz February 15 Early 2022"]
[White "Borisova, Ekaterina"]
[Black "Grischuk, Alexander"]
[WhiteFideId "34124184"]
[BlackFideId "4126025"]
[WhiteElo "2034"]
[BlackElo "2762"]
[Result "1-0"]
[Round "01"]
[TimeControl "180+1"]
[Date "2022.02.15"]
[WhiteClock "0:00:03"]
[BlackClock "0:00:10"]

1. d4 Nf6 2. c4 e6 3. Nc3 Bb4 4. f3 O-O 5. e4 d5 6. e5 Nfd7 7. cxd5 Nb6 8. a3 Bxc3+ 9. bxc3 Qxd5 10. f4 c5 11. Nf3 Nc6 12. Bd3 h6 13. Be3 Nc4 14. Qe2 Nxe3 15. Qxe3 Rd8 16. Rd1 cxd4 17. cxd4 b6 18. O-O Bb7 19. Be4 Qd7 20. d5 Na5 21. d6 Bxe4 22. Qxe4 Rac8 23. Rc1 Nb3 24. Rxc8 Rxc8 25. Rd1 g6 26. h4 Nc5 27. Qe3 Kh7 28. h5 gxh5 29. Nd4 Rg8 30. Qh3 Rg4 31. Qxh5 Rxf4 32. Nf3 Rf5 33. Qh4 Qe8 34. Rd4 Nd7 35. Rg4 Qh8 36. Rf4 Rxf4 37. Qxf4 Qg7 38. Qe4+ Kh8 39. Qa8+ Qf8 40. Qxa7 Qe8 41. Qb7 Kg7 42. a4 Qd8 43. Qe4 Nc5 44. Qg4+ Kh7 45. Qf4 Qd7 46. Qf6 Nxa4 47. Qh4 Nc3 48. Qf4 Nd5 49. Qe4+ Kg7 50. Kh2 b5 51. Qg4+ Kh7 52. Qe4+ Kg7 53. Qg4+ Kf8 54. Qh4 f6 55. Qxh6+ Qg7 56. Qxg7+ Kxg7 57. d7 b4 58. d8=Q b3 59. Qd7+ 1-0


[Site "https://www.chess.com"]

[Event "Titled Tuesday Blitz February 15 Early 2022"]
[White "Boruchovsky, Avital"]
[Black "Jakubowska, Anna"]
[WhiteFideId "2800055"]
[BlackFideId "1121952"]
[WhiteElo "2469"]
[BlackElo "1924"]
[Result "1-0"]
[Round "01"]
[TimeControl "180+1"]
[Date "2022.02.15"]
[WhiteClock "0:01:25"]
[BlackClock "0:00:24"]

1. b3 e5 2. Bb2 Nc6 3. e3 g6 4. f4 Bg7 5. Nf3 d6 6. Be2 Nge7 7. O-O O-O 8. Nc3 f5 9. fxe5 Nxe5 10. h3 h6 11. d4 Nxf3+ 12. Bxf3 c6 13. Ne2 Re8 14. c4 Kh7 15. Qd3 d5 16. Nf4 Qd6 17. a4 Be6 18. Ba3 Qd7 19. Rac1 Bf7 20. Bxe7 Rxe7 21. cxd5 cxd5 22. Rc5 Qe8 23. Nxd5 Bxd5 24. Rxd5 Rxe3 25. Qb5 Qxb5 26. axb5 Rxb3 27. Rc1 Rb4 28. Rc7 Kh8 29. Rdd7 Bxd4+ 30. Kf1 Rxb5 31. Rxd4 Re8 32. Rdd7 Rb1+ 33. Kf2 Rb2+ 34. Kg1 a5 1-0


[Site "https://www.chess.com"]